Monsters vs Wolves

Created - Friday, October 23, 2015 at 02:34

Goals
1 2 3 T
Monsters 0 1 0 1
Wolves 1 1 0 2
Shots
1 2 3 T
Monsters 12 9 2 23
Wolves 14 8 7 29

1st period

1. Wolves , Joakim Nordstrom 1 (Scott Laughton) at 13:59

Penalties :
Eric Baier (CHI) for Fighting (Major) at 2:45, Troy Rutkowski (LEM) for Fighting (Major) at 2:45, Kevin Lynch (CHI) for Tripping (Minor) at 3:17, Sebastian Wannstrom (CHI) for Holding Stick (Minor) at 11:49, Blair Jones (CHI) for Interference (Minor) at 17:22

2nd period

2. Wolves , Joe Vitale 5 (Ryan Reaves, Joakim Nordstrom) at 11:22
3. Monsters , Chase Balisy 2 (Viktor Arvidsson, Quinton Howden) at 18:39

Penalties :
Troy Rutkowski (LEM) for High sticking (Minor) at 11:55, Steven Pinizzotto (LEM) for Hooking (Minor) at 14:32, Ryan Reaves (CHI) for Roughing (Minor) at 15:59, Zach Miskovic (CHI) for Hooking (Minor) at 19:39

3rd period

No Goal

Penalties :
Zach Miskovic (CHI) for Hooking (Minor) at 7:29, Joe Whitney (CHI) for Holding (Minor) at 11:59

Goalie Stats

Anders Lindback (LEM), 27 saves from 29 shots - (0.931), L, 4-2-2, 60:00 minutes
Evgeni Nabokov (CHI), 22 saves from 23 shots - (0.957), W, 3-0-0, 60:00 minutes

Players Stats for Monsters

Player Name              G  A  P  +/- PIM S  H  SB GA TA FO     MP     PP MP  PK MP  
------------------------------------------------------------------------------------
Austin Watson            0  0  0   0  0   2  2  0  4  3  0/0    19:40   7:13   2:20 
Barclay Goodrow          0  0  0   0  0   2  0  1  2  2  1/1    17:01   7:07   0:19 
Blair Riley              0  0  0   0  0   1  0  0  0  0  0/0     7:57   0:00   0:13 
Brandon Montour          0  0  0  -2  0   1  2  1  0  2  0/0    24:23   7:38   1:43 
Charles Hudon            0  0  0   0  0   0  0  0  0  0  0/0     5:07   1:04   0:00 
Chase Balisy             1  0  1   1  0   2  2  0  0  0  3/4    13:29   0:00   0:00 
FARM PLAYER13            0  0  0   1  0   0  0  0  0  0  0/1    16:03   0:25   0:47 
Jake Dowell              0  0  0   0  0   1  0  0  2  0  0/1     7:44   0:00   0:00 
Jeff Hoggan              0  0  0  -2  0   3  3  0  0  0  1/1    18:13   6:08   0:00 
Jordan Weal              0  0  0  -2  0   2  0  2  1  1  2/10   18:32   6:08   0:19 
Kris Fredheim            0  0  0  -2  0   2  0  0  0  0  0/0    24:34   7:53   1:43 
Mac Bennett              0  0  0   0  0   0  2  0  0  0  0/0    22:12   5:03   1:43 
Matt MacKenzie           0  0  0   0  0   0  0  0  0  2  0/0    20:25   5:03   1:43 
Nick Shore               0  0  0   0  0   0  2  1  0  1  11/19  21:06   6:09   1:36 
Quinton Howden           0  1  1   1  0   3  2  0  3  1  0/1    13:02   0:00   0:00 
Steven Pinizzotto        0  0  0  -2  2   1  5  1  0  0  0/0    18:18   6:14   0:00 
Troy Rutkowski           0  0  0   1  7   1  1  0  0  1  0/0    13:38   0:40   0:00 
Viktor Arvidsson         0  1  1   1  0   2  2  2  5  1  0/0    14:35   0:00   1:18 

Players Stats for Wolves

Player Name              G  A  P  +/- PIM S  H  SB GA TA FO     MP     PP MP  PK MP  
------------------------------------------------------------------------------------
Adam Pelech              0  0  0   1  0   0  0  0  0  3  0/0    19:54   2:05   3:55 
Andre Benoit             0  0  0  -1  0   2  1  3  0  0  0/0    26:35   1:21   9:26 
Blair Jones              0  0  0   0  2   1  2  0  4  0  1/2    13:31   1:48   1:21 
Brian O'Neill            0  0  0  -1  0   2  1  0  2  0  1/2    13:09   0:00   0:10 
Colton Sissons           0  0  0   0  0   2  1  0  2  0  0/0    11:26   1:48   0:00 
Eric Baier               0  0  0   1  5   1  0  0  0  0  0/0    11:56   0:00   0:00 
Joakim Nordstrom         1  1  2   2  0   7  3  0  3  0  0/1    16:02   1:38   2:58 
Joe Piskula              0  0  0   1  0   1  1  2  0  1  0/0    20:50   2:05   3:55 
Joe Vitale               1  0  1   1  0   3  1  2  2  1  13/21  20:25   1:38   9:02 
Joe Whitney              0  0  0  -1  2   0  1  0  4  0  1/1    13:02   0:00   0:23 
Josh Anderson            0  0  0   0  0   2  2  1  0  1  0/1     9:10   0:00   0:00 
Kevin Lynch              0  0  0   0  2   0  1  0  0  0  1/2     9:16   0:00   0:00 
Marek Tvrdon             0  0  0   0  0   1  0  0  3  0  0/1    11:15   0:00   1:20 
Ryan Reaves              0  1  1   1  2   1  3  1  4  0  0/1    19:38   1:37   8:30 
Ryan Sproul              0  0  0  -1  0   0  2  0  0  1  0/0    27:13   1:21   9:26 
Scott Laughton           0  1  1   1  0   6  0  1  3  1  2/4    16:19   1:48   2:58 
Sebastian Wannstrom      0  0  0   0  2   0  0  0  0  0  1/2    11:52   0:00   0:00 
Zach Miskovic            0  0  0   1  4   0  3  0  0  1  0/0    14:26   0:00   0:00 

3 Stars

1 - Joakim Nordstrom (CHI)
2 - Evgeni Nabokov (CHI)
3 - Chase Balisy (LEM)

Power Play

Monsters - 0 on 7 Attempt(s) - 0.00%
Wolves - 0 on 2 Attempt(s) - 0.00%

Penalty Kill

Monsters - 2 on 2 Attempt(s) - 100.00% - Score 0 goal in Penalty Kill
Wolves - 7 on 7 Attempt(s) - 100.00% - Score 0 goal in Penalty Kill

Team Stat

Monsters - Hits : 23 - Faceoff Wins : 18 - Blocked Shots : 8 - Penalty Minutes : 9
Wolves - Hits : 22 - Faceoff Wins : 20 - Blocked Shots : 10 - Penalty Minutes : 19

Official

Referees : Unknown
Linesman : Unknown

Game Notes

Eric Baier beats up Troy Rutkowski at 2:45 of 1st period

Finance

Level 1 -- Attendance: 1595 (79.75%) -- Ticket Income $44,660
Level 2 -- Attendance: 748 (74.80%) -- Ticket Income $7,480
Total Attendance: 2343 (78.10%)
Total Ticket Income: $52,140
Other Income: $25,549
Total Income: $77,689

Monsters

5 vs 5 Forward 
   Center                   Left Wing                Right Wing               Time % Phy DF OF 
 1 Nick Shore               Barclay Goodrow          Austin Watson            35     1   2  2  
 2 Jordan Weal              Jeff Hoggan              Steven Pinizzotto        30     1   2  2  
 3 Chase Balisy             Quinton Howden           Viktor Arvidsson         22     1   2  2  
 4 Nick Shore               Blair Riley              Jake Dowell              13     1   2  2  

5 vs 5 Defense 
   Defense                  Defense                                           Time % Phy DF OF 
 1 Kris Fredheim            Brandon Montour                                   35     1   2  2  
 2 Mac Bennett              Matt MacKenzie                                    30     1   2  2  
 3 Troy Rutkowski           FARM PLAYER13                                     22     1   2  2  
 4 Kris Fredheim            Brandon Montour                                   13     1   2  2  

PowerPlay Forward 
   Center                   Left Wing                Right Wing               Time % Phy DF OF 
 1 Nick Shore               Barclay Goodrow          Austin Watson            60     1   2  2  
 2 Jordan Weal              Jeff Hoggan              Steven Pinizzotto        40     1   2  2  

PowerPlay Defense
   Defense                  Defense                                           Time % Phy DF OF 
 1 Kris Fredheim            Brandon Montour                                   60     1   2  2  
 2 Mac Bennett              Matt MacKenzie                                    40     1   2  2  

Penalty Kill 4 Players Forward 
   Center                   Wing                     Time % Phy DF OF 
 1 Nick Shore               Austin Watson            60     1   2  2  
 2 Barclay Goodrow          Jordan Weal              40     1   2  2  

Penalty Kill 4 Players Defense
   Defense                  Defense                  Time % Phy DF OF 
 1 Kris Fredheim            Brandon Montour          60     1   2  2  
 2 Mac Bennett              Matt MacKenzie           40     1   2  2  

Penalty Kill - 3 Players Forward 
   Forward                                           Time % Phy DF OF 
 1 Nick Shore                                        60     1   2  2  
 2 Austin Watson                                     40     1   2  2  

Penalty Kill - 3 Players Defense
   Defense                  Defense                  Time % Phy DF OF 
 1 Kris Fredheim            Brandon Montour          60     1   2  2  
 2 Mac Bennett              Matt MacKenzie           40     1   2  2  

4 vs 4 Forward 
   Center                   Wing                     Time % Phy DF OF 
 1 Nick Shore               Austin Watson            60     1   2  2  
 2 Barclay Goodrow          Jordan Weal              40     1   2  2  

4 vs 4 Defense
   Defense                  Defense                  Time % Phy DF OF 
 1 Kris Fredheim            Brandon Montour          60     1   2  2  
 2 Mac Bennett              Matt MacKenzie           40     1   2  2  

Last Minutes Offensive
   Center                   Left Wing                Right Wing               Defense                  Defense                  
   Nick Shore               Barclay Goodrow          Austin Watson            Kris Fredheim            Brandon Montour          

Last Minutes Defensive
   Center                   Left Wing                Right Wing               Defense                  Defense                  
   Nick Shore               Barclay Goodrow          Austin Watson            Kris Fredheim            Brandon Montour          

Goaltenders
Starting : Anders Lindback          
Backup : Matt Climie              

Extra Forwards
Normal : Charles Hudon, Quinton Howden, Viktor Arvidsson - PP : Charles Hudon, Quinton Howden - PK : Viktor Arvidsson
Extra Defensemen
Normal : Troy Rutkowski, FARM PLAYER13, Mac Bennett - PP : Troy Rutkowski - PK : FARM PLAYER13, Mac Bennett
Penalty Shots
Nick Shore, Austin Watson, Barclay Goodrow, Jordan Weal, Steven Pinizzotto

Wolves

5 vs 5 Forward 
   Center                   Left Wing                Right Wing               Time % Phy DF OF 
 1 Joe Vitale               Joakim Nordstrom         Ryan Reaves              35     1   2  2  
 2 Scott Laughton           Blair Jones              Colton Sissons           30     1   2  2  
 3 Sebastian Wannstrom      Joe Whitney              Brian O'Neill            22     1   2  2  
 4 Kevin Lynch              Josh Anderson            Marek Tvrdon             13     1   2  2  

5 vs 5 Defense 
   Defense                  Defense                                           Time % Phy DF OF 
 1 Andre Benoit             Ryan Sproul                                       35     1   2  2  
 2 Joe Piskula              Adam Pelech                                       30     1   2  2  
 3 Eric Baier               Zach Miskovic                                     22     1   2  2  
 4 Andre Benoit             Ryan Sproul                                       13     1   2  2  

PowerPlay Forward 
   Center                   Left Wing                Right Wing               Time % Phy DF OF 
 1 Joe Vitale               Joakim Nordstrom         Ryan Reaves              60     1   2  2  
 2 Scott Laughton           Blair Jones              Colton Sissons           40     1   2  2  

PowerPlay Defense
   Defense                  Defense                                           Time % Phy DF OF 
 1 Andre Benoit             Ryan Sproul                                       60     1   2  2  
 2 Joe Piskula              Adam Pelech                                       40     1   2  2  

Penalty Kill 4 Players Forward 
   Center                   Wing                     Time % Phy DF OF 
 1 Joe Vitale               Ryan Reaves              60     1   2  2  
 2 Scott Laughton           Joakim Nordstrom         40     1   2  2  

Penalty Kill 4 Players Defense
   Defense                  Defense                  Time % Phy DF OF 
 1 Andre Benoit             Ryan Sproul              60     1   2  2  
 2 Joe Piskula              Adam Pelech              40     1   2  2  

Penalty Kill - 3 Players Forward 
   Forward                                           Time % Phy DF OF 
 1 Joe Vitale                                        60     1   2  2  
 2 Ryan Reaves                                       40     1   2  2  

Penalty Kill - 3 Players Defense
   Defense                  Defense                  Time % Phy DF OF 
 1 Andre Benoit             Ryan Sproul              60     1   2  2  
 2 Joe Piskula              Adam Pelech              40     1   2  2  

4 vs 4 Forward 
   Center                   Wing                     Time % Phy DF OF 
 1 Joe Vitale               Ryan Reaves              60     1   2  2  
 2 Scott Laughton           Joakim Nordstrom         40     1   2  2  

4 vs 4 Defense
   Defense                  Defense                  Time % Phy DF OF 
 1 Andre Benoit             Ryan Sproul              60     1   2  2  
 2 Joe Piskula              Adam Pelech              40     1   2  2  

Last Minutes Offensive
   Center                   Left Wing                Right Wing               Defense                  Defense                  
   Joe Vitale               Joakim Nordstrom         Ryan Reaves              Andre Benoit             Ryan Sproul              

Last Minutes Defensive
   Center                   Left Wing                Right Wing               Defense                  Defense                  
   Joe Vitale               Joakim Nordstrom         Ryan Reaves              Andre Benoit             Ryan Sproul              

Goaltenders
Starting : Evgeni Nabokov           
Backup : Jared Coreau             

Extra Forwards
Normal : Brian O'Neill, Joe Whitney, Marek Tvrdon - PP : Brian O'Neill, Joe Whitney - PK : Marek Tvrdon
Extra Defensemen
Normal : Eric Baier, Zach Miskovic, Joe Piskula - PP : Eric Baier - PK : Zach Miskovic, Joe Piskula
Penalty Shots
Joe Vitale, Ryan Reaves, Scott Laughton, Joakim Nordstrom, Colton Sissons

% Time on Ice - Monsters

Lines # - Real PCT - Wanted PCT - Time Play
Normal Forward
1 - 22% - 35% - 9:30
2 - 29% - 30% - 12:05
3 - 31% - 22% - 13:02
4 - 18% - 13% - 7:44
Normal Defense
1 - 31% - 35% - 13:15
2 - 32% - 30% - 13:39
3 - 34% - 22% - 14:15
4 - 3% - 13% - 1:12
PP Forward
1 - 54% - 60% - 7:13
2 - 46% - 40% - 6:08
PP Defense
1 - 62% - 60% - 8:18
2 - 38% - 40% - 5:03
PK Forward
1 - 91% - 60% - 3:07
2 - 9% - 40% - 0:19
PK Defense
1 - 50% - 60% - 1:43
2 - 50% - 40% - 1:43
PK3 Forward
1 - 0% - 60%
2 - 0% - 40%
PK3 Defense
1 - 0% - 60%
2 - 0% - 40%
44 Forward
1 - 100% - 60% - 0:32
2 - 0% - 40% - 0:00
44 Defense
1 - 100% - 60% - 0:32
2 - 0% - 40% - 0:00
Last Minute Offensive  - 0:20
Last Minute Defensive  - 0:00
Total
Forward - 60:00
Defense - 60:00

% Time on Ice - Wolves

Lines # - Real PCT - Wanted PCT - Time Play
Normal Forward
1 - 23% - 35% - 9:31
2 - 28% - 30% - 11:33
3 - 28% - 22% - 11:42
4 - 22% - 13% - 9:10
Normal Defense
1 - 31% - 35% - 13:01
2 - 33% - 30% - 13:52
3 - 32% - 22% - 13:31
4 - 4% - 13% - 1:32
PP Forward
1 - 48% - 60% - 1:38
2 - 52% - 40% - 1:48
PP Defense
1 - 39% - 60% - 1:21
2 - 61% - 40% - 2:05
PK Forward
1 - 78% - 60% - 10:23
2 - 22% - 40% - 2:58
PK Defense
1 - 71% - 60% - 9:26
2 - 29% - 40% - 3:55
PK3 Forward
1 - 0% - 60%
2 - 0% - 40%
PK3 Defense
1 - 0% - 60%
2 - 0% - 40%
44 Forward
1 - 100% - 60% - 0:32
2 - 0% - 40% - 0:00
44 Defense
1 - 94% - 60% - 0:30
2 - 6% - 40% - 0:02
Last Minute Offensive  - 0:00
Last Minute Defensive  - 0:45
Total
Forward - 60:00
Defense - 60:00

Play by Play

1st period


0:01 of 1st period - Joe Vitale wins face-off versus Nick Shore in neutral zone.
0:04 of 1st period - Slapshot by Joakim Nordstrom.
0:04 of 1st period - Stopped by Anders Lindback with a rebound.
0:08 of 1st period - Snap shot by Joe Vitale.
0:08 of 1st period - Stopped by Anders Lindback without a rebound.
0:09 of 1st period - Joe Vitale wins face-off versus Nick Shore in Monsters zone.
0:26 of 1st period - Joe Vitale is hit by Brandon Montour and loses puck.
1:07 of 1st period - Slapshot by Scott Laughton.
1:07 of 1st period - Stopped by Anders Lindback without a rebound.
1:08 of 1st period - Blair Jones wins face-off versus Jordan Weal in Monsters zone.
2:13 of 1st period - Eric Baier is hit by Chase Balisy and loses puck.
2:45 of 1st period - Eric Baier beats up Troy Rutkowski.
2:45 of 1st period - Penalty to Eric Baier for Fighting.
2:45 of 1st period - Penalty to Troy Rutkowski for Fighting.
2:46 of 1st period - Jordan Weal wins face-off versus Josh Anderson in Wolves zone.
3:17 of 1st period - Minor Penalty to Kevin Lynch for Tripping.
3:18 of 1st period - Joe Vitale wins face-off versus Nick Shore in Wolves zone.
3:50 of 1st period - Snap shot by Barclay Goodrow.
3:50 of 1st period - Shot Misses the Net.
3:52 of 1st period - Wrist shot by Barclay Goodrow.
3:52 of 1st period - Shot Misses the Net.
3:54 of 1st period - Slapshot by Brandon Montour.
3:54 of 1st period - Stopped by Evgeni Nabokov with a rebound.
4:04 of 1st period - Steven Pinizzotto is hit by Ryan Sproul and loses puck.
4:29 of 1st period - Snap shot by Jordan Weal.
4:29 of 1st period - Deflect By Andre Benoit.
4:29 of 1st period - Stopped by Evgeni Nabokov with a rebound.
4:45 of 1st period - Andre Benoit is hit by Nick Shore and loses puck.
5:10 of 1st period - Andre Benoit is hit by Jeff Hoggan and loses puck.
5:17 of 1st period - Penalty to Kevin Lynch is over, Kevin Lynch is back on ice.
5:19 of 1st period - Wrist shot by Joakim Nordstrom.
5:19 of 1st period - Shot Misses the Net.
5:21 of 1st period - Slapshot by Kevin Lynch.
5:21 of 1st period - Shot Misses the Net.
5:23 of 1st period - Wrist shot by Joakim Nordstrom.
5:23 of 1st period - Stopped by Anders Lindback without a rebound.
5:24 of 1st period - Sebastian Wannstrom wins face-off versus Quinton Howden in Monsters zone.
5:38 of 1st period - Icing by Mac Bennett.
5:39 of 1st period - Chase Balisy wins face-off versus Sebastian Wannstrom in Monsters zone.
6:22 of 1st period - Off-side.
6:23 of 1st period - Nick Shore wins face-off versus Marek Tvrdon in neutral zone.
6:28 of 1st period - Wrist shot by Austin Watson.
6:28 of 1st period - Shot Misses the Net.
6:32 of 1st period - Slapshot by Nick Shore.
6:32 of 1st period - Deflect By Austin Watson.
6:32 of 1st period - Stopped by Evgeni Nabokov with a rebound.
6:34 of 1st period - Wrist shot by Austin Watson.
6:34 of 1st period - Shot Blocked by Joe Piskula.
6:40 of 1st period - Snap shot by Austin Watson.
6:40 of 1st period - Shot Misses the Net.
6:42 of 1st period - Slapshot by Austin Watson.
6:42 of 1st period - Shot Misses the Net.
6:44 of 1st period - Snap shot by Austin Watson.
6:44 of 1st period - Shot Blocked by Josh Anderson.
6:46 of 1st period - Snap shot by Austin Watson.
6:46 of 1st period - Stopped by Evgeni Nabokov with a rebound.
7:17 of 1st period - Jeff Hoggan is hit by Zach Miskovic and loses puck.
7:24 of 1st period - Snap shot by Colton Sissons.
7:24 of 1st period - Stopped by Anders Lindback with a rebound.
7:26 of 1st period - Snap shot by Scott Laughton.
7:26 of 1st period - Stopped by Anders Lindback with a rebound.
7:28 of 1st period - Snap shot by Scott Laughton.
7:28 of 1st period - Shot Misses the Net.
7:30 of 1st period - Slapshot by Andre Benoit.
7:30 of 1st period - Shot Misses the Net.
7:56 of 1st period - Snap shot by Ryan Reaves.
7:56 of 1st period - Stopped by Anders Lindback without a rebound.
7:57 of 1st period - Nick Shore wins face-off versus Ryan Reaves in Monsters zone.
8:16 of 1st period - Brandon Montour is hit by Joakim Nordstrom and loses puck.
8:36 of 1st period - Icing by Brandon Montour.
8:37 of 1st period - Brian O'Neill wins face-off versus Jake Dowell in Monsters zone.
8:52 of 1st period - Mac Bennett is hit by Joe Piskula and loses puck.
9:31 of 1st period - Viktor Arvidsson is hit by Colton Sissons and loses puck.
10:04 of 1st period - Slapshot by Andre Benoit.
10:04 of 1st period - Deflect By Marek Tvrdon.
10:04 of 1st period - Stopped by Anders Lindback without a rebound.
10:05 of 1st period - Jeff Hoggan wins face-off versus Kevin Lynch in Monsters zone.
10:38 of 1st period - Brandon Montour is hit by Josh Anderson and loses puck.
11:05 of 1st period - Snap shot by Joakim Nordstrom.
11:05 of 1st period - Shot Misses the Net.
11:07 of 1st period - Backhand shot by Joe Piskula.
11:07 of 1st period - Shot Blocked by Nick Shore.
11:40 of 1st period - Snap shot by Brian O'Neill.
11:40 of 1st period - Stopped by Anders Lindback with a rebound.
11:42 of 1st period - Snap shot by Brian O'Neill.
11:42 of 1st period - Stopped by Anders Lindback without a rebound.
11:43 of 1st period - Joe Whitney wins face-off versus Jordan Weal in Monsters zone.
11:49 of 1st period - Minor Penalty to Sebastian Wannstrom for Holding Stick.
11:50 of 1st period - Joe Vitale wins face-off versus Jordan Weal in Wolves zone.
11:50 of 1st period - Joe Vitale is hit by Steven Pinizzotto.
12:04 of 1st period - Joe Vitale is hit by Steven Pinizzotto and loses puck.
12:58 of 1st period - Slapshot by Jeff Hoggan.
12:58 of 1st period - Stopped by Evgeni Nabokov without a rebound.
12:59 of 1st period - Joe Vitale wins face-off versus Jordan Weal in Wolves zone.
13:49 of 1st period - Penalty to Sebastian Wannstrom is over, Sebastian Wannstrom is back on ice.
13:53 of 1st period - Snap shot by Scott Laughton.
13:53 of 1st period - Shot Blocked by Brandon Montour.
13:55 of 1st period - Snap shot by Joakim Nordstrom.
13:55 of 1st period - Stopped by Anders Lindback with a rebound.
13:57 of 1st period - Wrist shot by Joakim Nordstrom.
13:57 of 1st period - Shot Blocked by Jordan Weal.
13:59 of 1st period - Wrist shot by Joakim Nordstrom.
13:59 of 1st period - Goal by Joakim Nordstrom - Monsters : 0 - Wolves : 1.
14:00 of 1st period - Chase Balisy wins face-off versus Scott Laughton in neutral zone.
14:32 of 1st period - Snap shot by Quinton Howden.
14:32 of 1st period - Stopped by Evgeni Nabokov with a rebound.
14:34 of 1st period - Wrist shot by Quinton Howden.
14:34 of 1st period - Stopped by Evgeni Nabokov with a rebound.
14:36 of 1st period - Slapshot by Troy Rutkowski.
14:36 of 1st period - Shot Misses the Net.
16:31 of 1st period - Snap shot by Andre Benoit.
16:31 of 1st period - Stopped by Anders Lindback with a rebound.
16:33 of 1st period - Slapshot by Andre Benoit.
16:33 of 1st period - Deflect By Matt MacKenzie.
16:33 of 1st period - Stopped by Anders Lindback with a rebound.
16:53 of 1st period - Icing by Chase Balisy.
16:54 of 1st period - Chase Balisy wins face-off versus Blair Jones in Monsters zone.
17:11 of 1st period - Slapshot by Viktor Arvidsson.
17:11 of 1st period - Stopped by Evgeni Nabokov with a rebound.
17:13 of 1st period - Snap shot by Chase Balisy.
17:13 of 1st period - Stopped by Evgeni Nabokov with a rebound.
17:15 of 1st period - Snap shot by Quinton Howden.
17:15 of 1st period - Stopped by Evgeni Nabokov with a rebound.
17:22 of 1st period - Minor Penalty to Blair Jones for Interference.
17:23 of 1st period - Nick Shore wins face-off versus Joe Vitale in Wolves zone.
17:25 of 1st period - Snap shot by Barclay Goodrow.
17:25 of 1st period - Shot Blocked by Joe Vitale.
18:33 of 1st period - Snap shot by Steven Pinizzotto.
18:33 of 1st period - Shot Misses the Net.
18:47 of 1st period - Snap shot by Barclay Goodrow.
18:47 of 1st period - Shot Blocked by Andre Benoit.
18:49 of 1st period - Slapshot by Kris Fredheim.
18:49 of 1st period - Stopped by Evgeni Nabokov with a rebound.
18:51 of 1st period - Slapshot by Kris Fredheim.
18:51 of 1st period - Stopped by Evgeni Nabokov with a rebound.
18:53 of 1st period - Wrist shot by Austin Watson.
18:53 of 1st period - Shot Blocked by Scott Laughton.
19:11 of 1st period - Austin Watson is hit by Joe Vitale and loses puck.
19:22 of 1st period - Penalty to Blair Jones is over, Blair Jones is back on ice.
Goals for this period are 0 for Monsters vs 1 for Wolves.
Shots for this period are 12 for Monsters vs 14 for Wolves.

2nd period


0:01 of 2nd period - Nick Shore wins face-off versus Joe Vitale in neutral zone.
0:37 of 2nd period - Slapshot by Joakim Nordstrom.
0:37 of 2nd period - Stopped by Anders Lindback with a rebound.
2:27 of 2nd period - Slapshot by Chase Balisy.
2:27 of 2nd period - Shot Misses the Net.
3:21 of 2nd period - Wrist shot by Ryan Reaves.
3:21 of 2nd period - Shot Misses the Net.
3:27 of 2nd period - Snap shot by Joe Vitale.
3:27 of 2nd period - Shot Misses the Net.
3:55 of 2nd period - Colton Sissons is hit by Quinton Howden and loses puck.
4:11 of 2nd period - Snap shot by Scott Laughton.
4:11 of 2nd period - Stopped by Anders Lindback with a rebound.
4:13 of 2nd period - Slapshot by Eric Baier.
4:13 of 2nd period - Stopped by Anders Lindback with a rebound.
4:21 of 2nd period - Snap shot by Scott Laughton.
4:21 of 2nd period - Stopped by Anders Lindback with a rebound.
4:49 of 2nd period - Snap shot by Jake Dowell.
4:49 of 2nd period - Deflect By Blair Riley.
4:49 of 2nd period - Stopped by Evgeni Nabokov with a rebound.
4:51 of 2nd period - Snap shot by Jake Dowell.
4:51 of 2nd period - Stopped by Evgeni Nabokov with a rebound.
5:05 of 2nd period - Austin Watson is hit by Zach Miskovic and loses puck.
5:32 of 2nd period - Wrist shot by Joakim Nordstrom.
5:32 of 2nd period - Stopped by Anders Lindback without a rebound.
5:33 of 2nd period - Joe Vitale wins face-off versus Jordan Weal in Monsters zone.
5:42 of 2nd period - Slapshot by Jordan Weal.
5:42 of 2nd period - Shot Blocked by Joe Vitale.
5:44 of 2nd period - Slapshot by Jeff Hoggan.
5:44 of 2nd period - Stopped by Evgeni Nabokov with a rebound.
5:46 of 2nd period - Slapshot by Troy Rutkowski.
5:46 of 2nd period - Shot Blocked by Andre Benoit.
5:48 of 2nd period - Wrist shot by Jeff Hoggan.
5:48 of 2nd period - Deflect By Steven Pinizzotto.
5:48 of 2nd period - Shot Misses the Net.
5:48 of 2nd period - Puck is out of play.
5:49 of 2nd period - Scott Laughton wins face-off versus Jordan Weal in Wolves zone.
5:49 of 2nd period - Scott Laughton is hit by Steven Pinizzotto.
8:40 of 2nd period - Jake Dowell is hit by Blair Jones and loses puck.
9:28 of 2nd period - Jordan Weal is hit by Joakim Nordstrom.
10:12 of 2nd period - Adam Pelech is hit by Brandon Montour and loses puck.
11:10 of 2nd period - Snap shot by Josh Anderson.
11:10 of 2nd period - Stopped by Anders Lindback without a rebound.
11:11 of 2nd period - Joe Vitale wins face-off versus Jordan Weal in Monsters zone.
11:18 of 2nd period - Snap shot by Joakim Nordstrom.
11:18 of 2nd period - Shot Misses the Net.
11:20 of 2nd period - Snap shot by Joakim Nordstrom.
11:20 of 2nd period - Shot Blocked by Steven Pinizzotto.
11:22 of 2nd period - Snap shot by Ryan Reaves.
11:22 of 2nd period - Deflect By Joe Vitale.
11:22 of 2nd period - Goal by Joe Vitale - Monsters : 0 - Wolves : 2.
11:23 of 2nd period - Nick Shore wins face-off versus Joakim Nordstrom in neutral zone.
11:32 of 2nd period - Snap shot by Barclay Goodrow.
11:32 of 2nd period - Stopped by Evgeni Nabokov without a rebound.
11:33 of 2nd period - Joe Vitale wins face-off versus Nick Shore in Wolves zone.
11:33 of 2nd period - Joe Vitale is hit by Troy Rutkowski.
11:55 of 2nd period - Minor Penalty to Troy Rutkowski for High sticking.
11:56 of 2nd period - Scott Laughton wins face-off versus Nick Shore in Monsters zone.
12:55 of 2nd period - Mac Bennett is hit by Ryan Reaves.
13:49 of 2nd period - Mac Bennett is hit by Ryan Reaves and loses puck.
13:55 of 2nd period - Penalty to Troy Rutkowski is over, Troy Rutkowski is back on ice.
13:56 of 2nd period - Slapshot by Ryan Reaves.
13:56 of 2nd period - Shot Blocked by Viktor Arvidsson.
13:58 of 2nd period - Slapshot by Andre Benoit.
13:58 of 2nd period - Shot Blocked by Viktor Arvidsson.
14:32 of 2nd period - Minor Penalty to Steven Pinizzotto for Hooking.
14:33 of 2nd period - Nick Shore wins face-off versus Scott Laughton in Monsters zone.
15:37 of 2nd period - Off-side.
15:38 of 2nd period - Joe Vitale wins face-off versus FARM PLAYER13 in neutral zone.
15:59 of 2nd period - Minor Penalty to Ryan Reaves for Roughing.
16:00 of 2nd period - Nick Shore wins face-off versus Joe Vitale in Wolves zone.
16:03 of 2nd period - Slapshot by Nick Shore.
16:03 of 2nd period - Shot Misses the Net.
16:06 of 2nd period - Icing by Joe Vitale.
16:07 of 2nd period - Nick Shore wins face-off versus Joe Vitale in Wolves zone.
16:32 of 2nd period - Penalty to Steven Pinizzotto is over, Steven Pinizzotto is back on ice.
17:12 of 2nd period - Snap shot by Jordan Weal.
17:12 of 2nd period - Shot Blocked by Joe Piskula.
17:26 of 2nd period - Joe Whitney is hit by Mac Bennett and loses puck.
17:43 of 2nd period - Andre Benoit is hit by Jeff Hoggan.
17:53 of 2nd period - Mac Bennett is hit by Blair Jones and loses puck.
17:59 of 2nd period - Penalty to Ryan Reaves is over, Ryan Reaves is back on ice.
18:10 of 2nd period - Barclay Goodrow is hit by Ryan Sproul and loses puck.
18:37 of 2nd period - Snap shot by Viktor Arvidsson.
18:37 of 2nd period - Shot Blocked by Andre Benoit.
18:39 of 2nd period - Backhand shot by Chase Balisy.
18:39 of 2nd period - Goal by Chase Balisy - Monsters : 1 - Wolves : 2.
18:40 of 2nd period - Kevin Lynch wins face-off versus Chase Balisy in neutral zone.
18:50 of 2nd period - Wrist shot by Viktor Arvidsson.
18:50 of 2nd period - Stopped by Evgeni Nabokov with a rebound.
19:04 of 2nd period - Wrist shot by Marek Tvrdon.
19:04 of 2nd period - Shot Misses the Net.
19:12 of 2nd period - Snap shot by Josh Anderson.
19:12 of 2nd period - Stopped by Anders Lindback without a rebound.
19:13 of 2nd period - Joe Vitale wins face-off versus Jordan Weal in Monsters zone.
19:28 of 2nd period - Snap shot by Steven Pinizzotto.
19:28 of 2nd period - Stopped by Evgeni Nabokov with a rebound.
19:30 of 2nd period - Snap shot by Jeff Hoggan.
19:30 of 2nd period - Stopped by Evgeni Nabokov with a rebound.
19:32 of 2nd period - Slapshot by Troy Rutkowski.
19:32 of 2nd period - Stopped by Evgeni Nabokov without a rebound.
19:33 of 2nd period - Jordan Weal wins face-off versus Joe Vitale in Wolves zone.
19:39 of 2nd period - Minor Penalty to Zach Miskovic for Hooking.
19:40 of 2nd period - Joe Vitale wins face-off versus Nick Shore in Wolves zone.
19:58 of 2nd period - Snap shot by Barclay Goodrow.
19:58 of 2nd period - Deflect By Austin Watson.
19:58 of 2nd period - Shot Hit the Post.
19:58 of 2nd period - Puck is out of play.
19:59 of 2nd period - Joe Vitale wins face-off versus Nick Shore in Wolves zone.
Goals for this period are 1 for Monsters vs 1 for Wolves.
Shots for this period are 9 for Monsters vs 8 for Wolves.

3rd period


0:01 of 3rd period - Nick Shore wins face-off versus Joe Vitale in neutral zone.
0:08 of 3rd period - Snap shot by Barclay Goodrow.
0:08 of 3rd period - Stopped by Evgeni Nabokov without a rebound.
0:09 of 3rd period - Nick Shore wins face-off versus Joe Vitale in Wolves zone.
1:00 of 3rd period - Ryan Sproul is hit by Jeff Hoggan and loses puck.
1:09 of 3rd period - Backhand shot by Jordan Weal.
1:09 of 3rd period - Shot Misses the Net.
1:27 of 3rd period - Wrist shot by Jordan Weal.
1:27 of 3rd period - Stopped by Evgeni Nabokov with a rebound.
1:39 of 3rd period - Penalty to Zach Miskovic is over, Zach Miskovic is back on ice.
1:45 of 3rd period - Scott Laughton is hit by Austin Watson and loses puck.
2:20 of 3rd period - Wrist shot by Chase Balisy.
2:20 of 3rd period - Shot Misses the Net.
2:50 of 3rd period - Jake Dowell is hit by Zach Miskovic and loses puck.
3:15 of 3rd period - Nick Shore is hit by Josh Anderson and loses puck.
3:24 of 3rd period - Backhand shot by Marek Tvrdon.
3:24 of 3rd period - Shot Misses the Net.
4:16 of 3rd period - Scott Laughton is hit by Viktor Arvidsson and loses puck.
4:25 of 3rd period - Wrist shot by Colton Sissons.
4:25 of 3rd period - Shot Misses the Net.
4:27 of 3rd period - Slapshot by Joe Piskula.
4:27 of 3rd period - Stopped by Anders Lindback with a rebound.
4:33 of 3rd period - Snap shot by Scott Laughton.
4:33 of 3rd period - Shot Misses the Net.
4:35 of 3rd period - Snap shot by Blair Jones.
4:35 of 3rd period - Stopped by Anders Lindback with a rebound.
4:37 of 3rd period - Snap shot by Scott Laughton.
4:37 of 3rd period - Stopped by Anders Lindback with a rebound.
4:39 of 3rd period - Snap shot by Colton Sissons.
4:39 of 3rd period - Stopped by Anders Lindback with a rebound.
5:28 of 3rd period - Joe Vitale is hit by Chase Balisy and loses puck.
6:03 of 3rd period - Eric Baier is hit by Steven Pinizzotto.
6:33 of 3rd period - Austin Watson is hit by Brian O'Neill and loses puck.
7:16 of 3rd period - Wrist shot by Charles Hudon.
7:16 of 3rd period - Shot Blocked by Ryan Reaves.
7:29 of 3rd period - Minor Penalty to Zach Miskovic for Hooking.
7:30 of 3rd period - Joe Vitale wins face-off versus Nick Shore in Wolves zone.
7:40 of 3rd period - Ryan Reaves is hit by Nick Shore and loses puck.
9:02 of 3rd period - Marek Tvrdon is hit by Steven Pinizzotto and loses puck.
9:24 of 3rd period - Joakim Nordstrom is hit by Austin Watson.
9:29 of 3rd period - Penalty to Zach Miskovic is over, Zach Miskovic is back on ice.
9:33 of 3rd period - Charles Hudon is hit by Andre Benoit.
9:43 of 3rd period - Jake Dowell is hit by Joe Whitney and loses puck.
11:19 of 3rd period - Wrist shot by Scott Laughton.
11:19 of 3rd period - Stopped by Anders Lindback with a rebound.
11:21 of 3rd period - Snap shot by Scott Laughton.
11:21 of 3rd period - Shot Misses the Net.
11:59 of 3rd period - Minor Penalty to Joe Whitney for Holding.
12:00 of 3rd period - Nick Shore wins face-off versus Joe Vitale in Wolves zone.
12:17 of 3rd period - Slapshot by Austin Watson.
12:17 of 3rd period - Shot Misses the Net.
12:29 of 3rd period - Matt MacKenzie is hit by Ryan Reaves and loses puck.
13:15 of 3rd period - Wrist shot by Ryan Reaves.
13:15 of 3rd period - Shot Blocked by Jordan Weal.
13:21 of 3rd period - Ryan Reaves is hit by Mac Bennett and loses puck.
13:59 of 3rd period - Penalty to Joe Whitney is over, Joe Whitney is back on ice.
14:54 of 3rd period - Eric Baier is hit by Quinton Howden and loses puck.
15:11 of 3rd period - Blair Riley is hit by Kevin Lynch.
15:37 of 3rd period - Sebastian Wannstrom is hit by Viktor Arvidsson and loses puck.
17:12 of 3rd period - Wrist shot by Blair Jones.
17:12 of 3rd period - Shot Misses the Net.
17:54 of 3rd period - Mac Bennett is hit by Joakim Nordstrom and loses puck.
17:59 of 3rd period - Snap shot by Joakim Nordstrom.
17:59 of 3rd period - Stopped by Anders Lindback with a rebound.
18:01 of 3rd period - Wrist shot by Joe Vitale.
18:01 of 3rd period - Stopped by Anders Lindback with a rebound.
18:03 of 3rd period - Slapshot by Joe Vitale.
18:03 of 3rd period - Shot Misses the Net.
18:05 of 3rd period - Snap shot by Joe Vitale.
18:05 of 3rd period - Shot Misses the Net.
19:27 of 3rd period - Wrist shot by Joakim Nordstrom.
19:27 of 3rd period - Shot Misses the Net.
19:29 of 3rd period - Snap shot by Brian O'Neill.
19:29 of 3rd period - Shot Misses the Net.
19:37 of 3rd period - Wrist shot by Brian O'Neill.
19:37 of 3rd period - Shot Blocked by Barclay Goodrow.
19:39 of 3rd period - Wrist shot by Joakim Nordstrom.
19:39 of 3rd period - Deflect By Brian O'Neill.
19:39 of 3rd period - Shot Misses the Net.
19:39 of 3rd period - Puck is out of play.
19:40 of 3rd period - Travis Green call a timeout for Monsters.
19:40 of 3rd period - Barclay Goodrow wins face-off versus Brian O'Neill in Monsters zone.
Goals for this period are 0 for Monsters vs 0 for Wolves.
Shots for this period are 2 for Monsters vs 7 for Wolves.